 Dungeon Crawl Stone Soup version 0.31-a0-200-gbc41564c69 (webtiles) character file.

Game seed: 8086566827549420946

1136 qw the Skirmisher (level 8, -5/45 HPs)
             Began as a Deep Elf Hunter on June 25, 2023.
             Slain by a gnoll
             ... wielding a +0 halberd
             ... led by a gnoll sergeant
              (9 damage)
             ... on level 6 of the Dungeon.
             The game lasted 00:02:25 (5253 turns).

qw the Skirmisher (Deep Elf Hunter)                 Turns: 5253, Time: 00:02:25

Health: -5/45      AC: 14    Str: 10    XL:     8   Next: 14%
Magic:  10/10      EV: 12    Int: 15    God:
Gold:   296        SH:  0    Dex: 18    Spells: 7/7 levels left

rFire   . . .        Y - +1 shortbow
rCold   . . .        (shield currently unavailable)
rNeg    . . .        m - +2 ring mail {rPois}
rPois   +            j - +2 helmet
rElec   .            (no cloak)
rCorr   .            g - +1 pair of gloves
SInv    .            k - +1 pair of boots {Fly}
Will    .....        (no amulet)
Stlth   +            (no ring)
HPRegen 0.27/turn    (no ring)
MPRegen 0.12/turn

%: no passive effects
@: about to teleport, flying
A: no striking features
a: no special abilities


You were on level 6 of the Dungeon.
You visited 1 branch of the dungeon, and saw 6 of its levels.
You also visited: Sewer and Ossuary.

You collected 296 gold pieces.


   Skills:
 + Level 2.9 Fighting
 - Level 12.0 Ranged Weapons
 - Level 1.1 Armour
 - Level 4.7 Dodging
 - Level 1.2 Stealth


You had 7 spell levels left.
You didn't know any spells.
Your spell library was empty.

Inventory:

Hand Weapons
 Y - a +1 shortbow (weapon)
Armour
 e - the +2 ring mail "Tiezyuc" {Rampage rF- Str+7}
   (You found it on level 3 of the Dungeon)

   Str:       It affects your strength (+7).
   rF:        It makes you vulnerable to fire.
   Rampage:   It bestows one free step when moving towards enemies.
 g - a +1 pair of gloves (worn)
 j - a +2 helmet (worn)
 k - a +1 pair of boots of flying (worn)
 m - a +2 ring mail of poison resistance (worn)
 n - a +1 ring mail of fire resistance
Wands
 f - a wand of digging (6)
Scrolls
 c - a scroll of identify
Potions
 a - 3 potions of might
 b - a potion of berserk rage {unknown}
 h - a potion of attraction {unknown}
 i - a potion of mutation {unknown}
 l - 3 potions of curing
 o - a potion of haste {unknown}
 q - a potion of lignification {unknown}
 r - a potion of heal wounds

Dungeon Overview and Level Annotations

Branches:
Dungeon (6/15)              Sewer (visited)         Ossuary (visited)
 Temple: D:4-7

Altars:
Gozag
Kikubaaqudgha
Makhleb
Trog
Vehumet
Zin

Shops:
D:1 (

Annotations:
D:3 1 runed translucent door, qw's ghost, amateur DEHu
D:6 Blork the orc


Message History

The puff of frost hits you. The gnoll hits you with a +0 flail!
You shoot an arrow. The arrow closely misses the gnoll.
Blork the orc casts a cantrip, but nothing happens.
The gnoll hits you but does no damage. x2
You shoot an arrow. The arrow hits the gnoll.
The gnoll is lightly wounded.
The gnoll hits you with a +0 spear.
Blork the orc screams, "I'll cover the dungeon with your blood!"
The gnoll hits you with a +0 flail.
You shoot an arrow. The arrow hits the gnoll.
The gnoll is heavily wounded.
The gnoll closely misses you. The gnoll sergeant closely misses you.
The gnoll splashes around in the water.
5249 ||| Stepping ~*~*~tactically~*~*~ (outnumbered).
The gnoll attacks as you move away! The gnoll hits you with a +0 spear.
Blork the orc barely misses you.
The gnoll hits you from afar with a +0 spear.
Blork the orc looks satisfied for a moment.
The gnoll misses you.
5250 ||| Stepping ~*~*~tactically~*~*~ (outnumbered).
Blork the orc hits you but does no damage.
You shoot an arrow. The arrow hits Blork the orc!
Blork the orc is heavily wounded.
Blork the orc points at you and mumbles some strange words.
The puff of frost hits you!
Blork the orc points at you and mumbles some strange words.
The puff of flame misses you.
You shoot an arrow. The arrow hits Blork the orc.
Blork the orc is heavily wounded.
You are engulfed in a cloud of scalding steam.
Blork the orc hits you with a +0 mace. The gnoll hits you but does no damage.
5253 ||| READING scroll of teleportation.
As you read the scroll of teleportation, it crumbles to dust.
You feel strangely unstable.
You are engulfed in a cloud of scalding steam.
Blork the orc gestures at you while chanting.
The puff of frost misses you.
Blork the orc hits you but does no damage.
The gnoll hits you from afar with a +0 halberd!
You die...

.......... #
........# ..
.......#...
#.......... .
#####.#.gg....... .
............##.$#
.. #~~~g~# .....#
#.##~~~~~##g.....
#.~~....o@ยค..#
#.~~....g~~..#
#.~~.........#
#.~~.....~~.### .
...~~.(...~~~..#..
...##~~~~~##......
#..##~~~~~##......
###........~.......
#.#..#.####.##.....


You could see Blork the orc (fast) and 3 gnolls.

Vanquished Creatures
  Eustachio (D:5)
  A sky beast (D:6)
  2 bullfrogs (Sewer)
  A scorpion (D:5)
  2 centaur zombies (Ossuary)
  A hound (D:5)
  A jelly (D:5)
  2 human zombies (Ossuary)
  An orc priest (D:3)
  Jessica (D:3)
  An iguana (D:5)
  A sleepcap (D:5)
  2 orc wizards (D:5)
  Ijyb (D:3)
  5 mummies (Ossuary)
  Robin (D:3)
  11 adders
  3 river rats
  2 ufetubi
  2 worms
  14 orcs
  8 endoplasms
  7 giant cockroaches
  2 gnoll zombies (Ossuary)
  6 goblins
  13 hobgoblins
  A quokka (D:3)
  20 ball pythons
  3 bats
  8 frilled lizards
  A goblin zombie (Ossuary)
  5 kobolds
  An orc zombie (Ossuary)
  37 rats
  A rat zombie (D:4)
169 creatures vanquished.

Notes
Turn   | Place    | Note
-------+----------+-------------------------------------------
     0 | D:1      | qw the Deep Elf Hunter began the quest for the Orb.
     0 | D:1      | Reached XP level 1. HP: 12/12 MP: 3/3
     0 | D:1      | 0 ||| qw: Version: 0.3-a-22-g0ed2b0b
     0 | D:1      | 0 ||| qw: Game counter: 5638
     0 | D:1      | 0 ||| qw: Melee chars always use a shield: true
     0 | D:1      | 0 ||| qw: God list: Okawaru
     0 | D:1      | 0 ||| qw: Allow faded altars: false
     0 | D:1      | 0 ||| qw: Do Orc after clearing Dungeon:15 true
     0 | D:1      | 0 ||| qw: Do second Lair branch before Depths: true
     0 | D:1      | 0 ||| qw: Lair rune preference: random
     0 | D:1      | 0 ||| qw: Goals: Normal
     0 | D:1      | 0 ||| PLANNING D:1-11
   214 | D:1      | Reached XP level 2. HP: 16/16 MP: 4/4
   225 | D:1      | Reached skill level 6 in Ranged Weapons
   572 | D:1      | Found Alumynuy's Weapon Shoppe.
   701 | D:1      | 701 ||| UPGRADING to +0 ring mail.
   711 | D:1      | 711 ||| DROPPING +0 leather armour.
   712 | D:1      | 712 ||| READING 2 scrolls labelled SIACVA DO FARGH.
   813 | D:1      | 813 ||| DROPPING scroll of silence.
   814 | D:1      | 814 ||| DROPPING scroll of butterflies.
   861 | D:2      | HP: 4/16 [poisoned by an adder]
   864 | D:2      | Reached XP level 3. HP: 6/20 MP: 5/5
  1005 | D:2      | Reached skill level 7 in Ranged Weapons
  1087 | D:2      | Found a faded altar of an unknown god.
  1108 | D:2      | Identified the +4 quarterstaff of the Enchanting Gods
                  | {heavy, +Blink Fly Int-4 Dex+3}
  1287 | D:2      | Reached XP level 4. HP: 25/25 MP: 6/6
  1567 | D:2      | 1567 ||| UPGRADING to +0 pair of gloves.
  1572 | D:2      | 1572 ||| READING scroll labelled XUABAXKAST.
  1573 | D:2      | 1573 ||| READING scroll labelled JOURIO TIFOSM.
  1574 | D:2      | 1574 ||| READING scroll labelled XUCOWN ZAOCE.
  1575 | D:2      | 1575 ||| READING scroll labelled PIMEUM ETWA.
  1577 | D:2      | 1577 ||| Stepping ~*~*~tactically~*~*~ (cloud).
  1579 | D:2      | HP: 6/25 [poisoned by you (poison gas)]
  1583 | D:2      | HP: 2/25 [poisoned by you (poison gas)]
  1754 | D:3      | Found an opulent altar of Gozag.
  1870 | D:3      | Noticed Ijyb
  1887 | D:3      | Killed Ijyb
  1888 | D:3      | Reached skill level 8 in Ranged Weapons
  1953 | D:3      | Found the +7 Throatcutter {drain, coup de grace}
  2166 | D:3      | Identified the +2 ring mail "Tiezyuc" {Rampage rF- Str+7}
  2285 | D:3      | Reached XP level 5. HP: 29/29 MP: 7/7
  2305 | D:3      | Noticed Jessica
  2311 | D:3      | Killed Jessica
  2487 | D:3      | Reached skill level 9 in Ranged Weapons
  2665 | D:3      | Found a runed translucent door.
  2665 | D:3      | Noticed qw's ghost (amateur DEHu)
  2672 | D:3      | Noticed Robin
  2688 | D:3      | Killed Robin
  2695 | D:3      | HP: 7/30 [hobgoblin[Robin] (1)]
  2700 | D:3      | HP: 4/30 [hobgoblin[Robin] (1)]
  2705 | D:3      | HP: 4/30 [hobgoblin[Robin] (1)]
  2849 | D:3      | 2849 ||| UPGRADING to +2 ring mail "Tiezyuc" {Rampage rF-
                  | Str+7}.
  2859 | D:3      | 2859 ||| UPGRADING to +2 helmet.
  2892 | D:4      | 2892 ||| PLANNING OSSUARY
  3019 | D:4      | Found a glowing silver altar of Zin.
  3136 | D:4      | Found a sand-covered staircase.
  3140 | D:4      | 3140 ||| UPGRADING to +1 pair of boots of flying.
  3145 | D:4      | 3145 ||| READING scroll labelled QAVOJA IRAE.
  3146 | D:4      | 3146 ||| DRINKING 2 fizzy red potions.
  3147 | D:4      | 3147 ||| READING 2 scrolls of identify.
  3147 | D:4      | 3147 ||| IDENTIFYING viscous green potion
  3157 | Ossuary  | Entered an ossuary
  3199 | Ossuary  | Reached XP level 6. HP: 35/35 MP: 8/8
  3208 | Ossuary  | Reached skill level 1 in Armour
  3246 | Ossuary  | Reached skill level 3 in Dodging
  3377 | Ossuary  | 3377 ||| FLEEEEING.
  3378 | Ossuary  | 3378 ||| FLEEEEING.
  3379 | Ossuary  | 3379 ||| FLEEEEING.
  3380 | Ossuary  | 3380 ||| FLEEEEING.
  3381 | Ossuary  | 3381 ||| FLEEEEING.
  3514 | Ossuary  | Reached skill level 10 in Ranged Weapons
  3519 | Ossuary  | 3519 ||| READING scroll labelled YSIOD KEZAEGOG.
  3520 | Ossuary  | 3520 ||| READING scroll labelled YSERISOCZE.
  3521 | Ossuary  | 3521 ||| READING scroll labelled DERGHE INUEM.
  3522 | Ossuary  | 3522 ||| READING 2 scrolls of identify.
  3522 | Ossuary  | 3522 ||| IDENTIFYING clear potion
  3523 | Ossuary  | 3523 ||| DROPPING potion of ambrosia.
  3539 | D:4      | 3539 ||| PLANNING D:1-11
  3643 | D:4      | 3643 ||| READING scroll of enchant armour.
  3643 | D:4      | 3643 ||| ENCHANTING +0 pair of gloves.
  3655 | D:4      | 3655 ||| DRINKING 2 metallic white potions.
  3656 | D:4      | 3656 ||| DROPPING potion of brilliance.
  3842 | D:5      | Entered Level 5 of the Dungeon
  3905 | D:5      | Reached XP level 7. HP: 40/40 MP: 9/9
  4025 | D:5      | Reached skill level 11 in Ranged Weapons
  4142 | D:5      | Noticed Eustachio
  4176 | D:5      | Killed Eustachio
  4256 | D:5      | Found an ancient bone altar of Kikubaaqudgha.
  4256 | D:5      | Found a bloodstained altar of Trog.
  4256 | D:5      | Found a radiant altar of Vehumet.
  4257 | D:5      | Found a burning altar of Makhleb.
  4736 | D:5      | 4736 ||| DROPPING +0 robe of fire resistance.
  4737 | D:5      | 4737 ||| DROPPING +0 ring mail.
  4738 | D:5      | 4738 ||| UPGRADING to +2 ring mail of poison resistance.
  4748 | D:5      | 4748 ||| DROPPING scarf of invisibility.
  4749 | D:5      | 4749 ||| READING scroll labelled ORYJID IDYIWIO.
  4756 | D:6      | 4756 ||| PLANNING SEWER
  4782 | D:6      | Found a glowing drain.
  4806 | Sewer    | Entered a sewer
  5011 | Sewer    | Reached XP level 8. HP: 44/44 MP: 10/10
  5054 | Sewer    | Reached skill level 12 in Ranged Weapons
  5062 | Sewer    | HP: 11/45 [bullfrog (3)]
  5213 | Sewer    | 5213 ||| READING 2 scrolls labelled XEURER ZOCZIYR.
  5218 | Sewer    | 5218 ||| READING scroll labelled LAIXTE ZAUNI.
  5219 | Sewer    | 5219 ||| DRINKING 2 viscous golden potions.
  5227 | D:6      | 5227 ||| PLANNING D:1-11
  5230 | D:6      | Noticed Blork the orc
  5231 | D:6      | 5231 ||| Stepping ~*~*~tactically~*~*~ (outnumbered).
  5234 | D:6      | 5234 ||| Stepping ~*~*~tactically~*~*~ (outnumbered).
  5236 | D:6      | 5236 ||| Stepping ~*~*~tactically~*~*~ (outnumbered).
  5242 | D:6      | 5242 ||| Stepping ~*~*~tactically~*~*~ (outnumbered).
  5244 | D:6      | 5244 ||| Stepping ~*~*~tactically~*~*~ (outnumbered).
  5249 | D:6      | 5249 ||| Stepping ~*~*~tactically~*~*~ (outnumbered).
  5250 | D:6      | 5250 ||| Stepping ~*~*~tactically~*~*~ (outnumbered).
  5252 | D:6      | HP: 7/45 [Blork the orc] (7)]
  5253 | D:6      | 5253 ||| READING scroll of teleportation.
  5253 | D:6      | Slain by a gnoll

Levels and vault maps discovered:
D:1:      erik_arrival_blinker_ship, layout_loops_corners, serial_shops,
          nicolae_shop_statue_plus
D:2:      kb_forest_paths, layout_basic, nicolae_ecumenical_snake_handling,
          minmay_misc_feat_enclosed, small_statue_intersection
D:3:      layout_basic, grunt_gozag_breadcrumbs, hellmonk_ghost_happy_afterlife,
          uniq_robin, uniq_ijyb, uniq_jessica
D:4:      layout_cave_pools, mainiacjoe_overflow_alcove_4, enter_ossuary_3,
          kennysheep_minor_cross
D:5:      layout_loops_ring, grunt_temple_overflow_open, uniq_eustachio
D:6:      layout_cave_pools, nemelex_spade_bored_becter,
          cheibrodos_sewer_entry_sluice, serial_shops, nicolae_lakefront_shop,
          uniq_blork_the_orc

Skill      XL: |  1  2  3  4  5  6  7  8 |
---------------+-------------------------+-----
Ranged Weapons | 6 7 8 9 10 11 12 | 12.0
Fighting       | 2 |  2.9
Armour         | 1 |  1.1
Dodging        | 3 4 |  4.7
Stealth        | |  1.2

Action                     |  1- 3 |  4- 6 |  7- 9 || total
---------------------------+-------+-------+-------++-------
   Fire: Shortbow          |    84 |   281 |   239 ||   604
    Use: Scroll            |     1 |    11 |     4 ||    16
         Potion            |       |     2 |     1 ||     3
 Armour: Ring mail         |     6 |    71 |    88 ||   165
  Dodge: Dodged            |     7 |   120 |    98 ||   225

Table legend:
 A = Non-vault XP
 B = Vault XP
 C = Vault XP percentage of total XP
 D = Non-vault monster count
 E = Vault monster count
 F = Vault count percentage of total count
                 A         B        C        D         E       F
            +---------+---------+-------+---------+---------+-------
      Total |     705 |     919 |  56.6 |      77 |      92 |  54.4
            +---------+---------+-------+---------+---------+-------
        D:1 |      26 |       0 |   0.0 |      17 |       0 |   0.0
        D:2 |      72 |      38 |  34.5 |      20 |       9 |  31.0
        D:3 |      97 |      99 |  50.5 |      16 |      10 |  38.5
        D:4 |      32 |       1 |   3.0 |       7 |       1 |  12.5
        D:5 |     354 |     203 |  36.4 |      16 |       1 |   5.9
        D:6 |     124 |      18 |  12.7 |       1 |       2 |  66.7
      Sewer |       0 |     285 | 100.0 |       0 |      56 | 100.0
    Ossuary |       0 |     275 | 100.0 |       0 |      13 | 100.0
            +---------+---------+-------+---------+---------+-------
